 Dungeon Crawl Stone Soup version 0.21-a0-476-gd103f4b (webtiles) character file.

349 tof the Slasher (level 6, -3/48 HPs)
             Began as a Demonspawn Berserker on Nov 22, 2017.
             Was a Believer of Trog.
             Killed from afar by an orc wizard (6 damage)
             ... with a magic dart
             ... on level 3 of the Dungeon.
             The game lasted 00:05:25 (3012 turns).

tof the Slasher (Demonspawn Berserker)              Turns: 3012, Time: 00:05:26

Health: -3/48      AC: 14    Str: 17    XL:     6   Next: 33%
Magic:  6/6        EV: 17    Int:  8    God:    Trog [**....]
Gold:   182        SH:  0    Dex: 15    Spells: 5/5 levels left

rFire    . . .     SeeInvis .   a - +0 falchion
rCold    . . .     Gourm    .   (no shield)
rNeg     . . .     Faith    .   m - +0 ring mail
rPois    .         Spirit   .   (helmet restricted)
rElec    .         Reflect  .   (no cloak)
rCorr    .         Harm     .   (no gloves)
MR       +....                  (no boots)
Stlth    +.........             i - amulet of inaccuracy (curse)
HPRegen  0.16/turn              s - ring of protection from magic
MPRegen  0.10/turn              o - +5 ring of evasion

@: sanguine armour, berserk cooldown, slowed, very slow
A: antennae 2, sanguine armour 2
a: Berserk, Trog's Hand, Burn Spellbooks, Renounce Religion


You were on level 3 of the Dungeon.
You worshipped Trog.
Trog was pleased with you.
You were near starving.

You visited 1 branch of the dungeon, and saw 4 of its levels.

You collected 182 gold pieces.

Inventory:

Hand Weapons
 a - a +0 falchion (weapon)
Missiles
 q - 8 poisoned needles
 v - 2 throwing nets (quivered)
Armour
 b - a +0 animal skin
 m - a +0 ring mail (worn)
Jewellery
 i - a cursed amulet of inaccuracy (around neck)
 j - an uncursed ring of protection from cold
 l - an uncursed ring of flight
 o - a +5 ring of evasion (right hand)
 s - a ring of protection from magic (left hand)
Scrolls
 e - a scroll of blinking
 f - 4 scrolls of teleportation
 k - a scroll of fog
 n - a scroll of amnesia
 w - a scroll of enchant armour {unknown}
 x - 2 scrolls of identify
 y - a scroll of remove curse {unknown}
Potions
 d - 2 potions of haste {unknown}
 g - 3 potions of degeneration {unknown}
 h - a potion of agility
 p - a potion of curing
 t - a potion of might
Comestibles
 c - 2 bread rations
 r - 3 meat rations


   Skills:
 + Level 4.1 Fighting
 * Level 4.6 Long Blades
 + Level 3.1 Armour
 + Level 3.2 Dodging


You had 5 spell levels left.
You didn't know any spells.

Dungeon Overview and Level Annotations

Branches:
Dungeon (4/15)
 Temple: D:4-7

Altars:
Gozag
Kikubaaqudgha
Trog
Zin


Innate Abilities, Weirdness & Mutations

You have a pair of antennae on your head.
When seriously injured, your bleeding wounds create thick armour. (AC +9)


Message History

The orc wizard gestures wildly while chanting.
The orc wizard flickers and vanishes!
Deactivating autopickup; reactivate with Ctrl-A.
The orc wizard misses you.
There is a stone staircase leading up here.
The orc hits you but does no damage. The orc wizard barely misses you.
Something hits you but does no damage. The orc closely misses you.
You climb upwards.
There is a stone staircase leading down here.
You hit the orc wizard but do no damage.
The orc wizard closely misses you. Something hits you.
* * * LOW HITPOINT WARNING * * *
The orc wizard barely misses you. Something hits you but does no damage.
You hit the orc wizard but do no damage.
The orc wizard gestures at you while chanting.
The magic dart hits you!
You hear some strange, mumbled words.
A magic dart appears from out of thin air!
The magic dart hits you!
You die...

#.# ##.#.# #.# #.# #.#.# #.#
#.# #...# #.# #.#######..##
##### #.# .#.........#
#...#########.# #.########.#
#.............#
#.########.####.o.###########
#......[.....###{##
...#######.#.# #@# #..)..#
#.#.# #o# #####.# #.#.# #.#
#.# #.#.# #.# #.# #.#.# #.#
### #.# #.#.###.# ..###.##
#.#.....# #.##...###.#..####
#..........#..############


You could see an orc wizard and an orc.

Vanquished Creatures
  An ogre (D:2)
  3 orc wizards
  Terence (D:3)
  4 gnolls (D:2)
  4 adders
  2 oozes
  2 dart slugs (D:1)
  8 leopard geckos (D:3)
  5 orcs
  5 bats
  4 giant cockroaches
  4 goblins
  7 hobgoblins
  4 jackals (D:3)
  3 quokkas
  A ball python (D:1)
  A frilled lizard (D:3)
  10 kobolds
  2 rats (D:1)
71 creatures vanquished.

Notes
Turn   | Place    | Note
-------+----------+-------------------------------------------
     0 | D:1      | tof the Demonspawn Berserker began the quest for the Orb.
     0 | D:1      | Reached XP level 1. HP: 18/18 MP: 1/1
   229 | D:1      | Gained mutation: You have a pair of small antennae on your head. [demonic ancestry]
   229 | D:1      | Reached XP level 2. HP: 22/24 MP: 2/2
   869 | D:2      | Gained mutation: You have a pair of antennae on your head. [demonic ancestry]
   869 | D:2      | Reached XP level 3. HP: 29/29 MP: 3/3
   995 | D:2      | Noticed an ogre
  1001 | D:2      | Killed an ogre
  1001 | D:2      | Gained mutation: When seriously injured, your bleeding wounds create armour. (AC +9) [demonic ancestry]
  1001 | D:2      | Reached XP level 4. HP: 37/37 MP: 4/4
  1001 | D:2      | Gained mutation: When seriously injured, your bleeding wounds create thick armour. (AC +9) [demonic ancestry]
  1001 | D:2      | Reached XP level 5. HP: 42/42 MP: 5/5
  1117 | D:2      | Reached ** piety under Trog
  1347 | D:2      | Found an opulent altar of Gozag.
  1493 | D:2      | Found a glowing silver altar of Zin.
  1574 | D:2      | Found a bloodstained altar of Trog.
  2590 | D:3      | Noticed Terence
  2613 | D:3      | Killed Terence
  2613 | D:3      | Reached XP level 6. HP: 29/48 MP: 6/6
  2984 | D:4      | Found an ancient bone altar of Kikubaaqudgha.
  3012 | D:3      | Killed from afar by an orc wizard

Vault maps used:
D:1:      minmay_arrival_hallway
D:2:      overflow_temple_1_default, lemuel_round_altar, first_bread,
          minmay_misc_feat_room, trog_hazing_becter
D:3:      gup_sewer_entry_pipe, uniq_terence
D:4:      nicolae_qazlal_general_emergency, kiku_gazebo_garden_becter,
          kennysheep_slug_shrine, enter_ossuary_4, nicolae_ru_awakened_eye

Skill      XL: |  1  2  3  4  5  6 |
---------------+-------------------+-----
Dodging        | 2 3 |  3.2
Long Blades    | 3 4 |  4.6
Armour         | 2 3 |  3.1
Fighting       | 4 |  4.1

Action                   |  1- 3 |  4- 6 || total
-------------------------+-------+-------++-------
Melee: Falchion          |    56 |   270 ||   326
Invok: Berserk           |     2 |     1 ||     3
       Trog's Hand       |       |     1 ||     1
  Use: Scroll            |       |     7 ||     7
 Stab: Sleeping          |     1 |       ||     1
  Eat: Chunk             |     1 |     8 ||     9
Armor: Animal skin       |     4 |       ||     4
       Ring mail         |     5 |   124 ||   129
Dodge: Dodged            |    40 |   337 ||   377
       Rpst.: Falchion   |    10 |    93 ||   103

Table legend:
 A = Spawn XP
 B = Non-spawn XP
 C = Spawn XP percentage of total XP
 D = Spawn monster count
 E = Non-spawn monster count
 F = Spawn count percentage of total count
 G = Total turns spent on level
                    A         B        C        D         E        F      G
               +---------+---------+-------+---------+---------+-------+---------
         Total |       0 |     499 |   0.0 |       0 |      71 |   0.0 |  3012
               +---------+---------+-------+---------+---------+-------+---------
           D:1 |       0 |      22 |   0.0 |       0 |      13 |   0.0 |   690
           D:2 |       0 |     242 |   0.0 |       0 |      27 |   0.0 |  1149
           D:3 |       0 |     153 |   0.0 |       0 |      27 |   0.0 |  1120
           D:4 |       0 |      82 |   0.0 |       0 |       4 |   0.0 |    53
               +---------+---------+-------+---------+---------+-------+---------
